| TOP OF THE 1ST |
|
El Paso Chihuahuas batting - Pitching for Reno Aces : RHP Cody Savastand
|
|
Pitching: RHP Cody Savastand
|
|
|
Batting: LHB Angel Mejia
|
0-0: Ball 1-0: Fly out, F7 (Flyball, 7S, EV 91.2 MPH)
|
|
Batting: RHB Rodolfo Rivera
|
0-0: Called Strike 0-1: Swinging Strike 0-2: Ball 1-2: Foul Ball, location: 2F 1-2: Foul Ball, location: 2F 1-2: Strikes out looking
|
|
Batting: RHB Eric Sandell
|
0-0: Swinging Strike 0-1: Ball 1-1: Ground out U3 (Groundball, 3, EV 80.0 MPH)
|
| Top of the 1st over - 0 runs, 0 hits, 0 errors, 0 left on base; El Paso 0 - Reno 0 |
| BOTTOM OF THE 1ST |
|
Reno Aces batting - Pitching for El Paso Chihuahuas : LHP Ryan Tatum
|
|
Pitching: LHP Ryan Tatum
|
|
|
Batting: RHB Roberto Rodriguez
|
0-0: Ground out 2-3 (Groundball, 15S, EV 68.1 MPH)
|
|
Batting: LHB Jeff Densmore
|
0-0: Ball 1-0: Fly out, F7 (Flyball, 7, EV 85.6 MPH)
|
|
Batting: RHB Justin McQuarter
|
0-0: Called Strike 0-1: Ball 1-1: Foul Ball, location: 2F 1-2: Strikes out swinging
|
| Bottom of the 1st over - 0 runs, 0 hits, 0 errors, 0 left on base; El Paso 0 - Reno 0 |
| TOP OF THE 2ND |
|
El Paso Chihuahuas batting - Pitching for Reno Aces : RHP Cody Savastand
|
|
Batting: RHB Roberto Lemus
|
0-0: Ground out 6-3 (Groundball, 56D, EV 103.1 MPH)
|
|
Batting: RHB Andy Sheridan
|
0-0: Called Strike 0-1: Ball 1-1: Foul Ball, location: 2F 1-2: Ball 2-2: Ball 3-2: Base on Balls
|
|
Batting: SHB Blake Abbott
|
0-0: Ball 1-0: Foul Ball, location: 2F 1-1: Foul Ball, location: 2F 1-2: Ball 2-2: Strikes out swinging
|
|
Batting: RHB Matt Fabre
|
0-0: Swinging Strike 0-1: DOUBLE (Line Drive, 78D, EV 107.5 MPH) Andy Sheridan to third
|
|
Batting: RHB Lamberto Amicis
|
0-0: Ball 1-0: Ball 2-0: Foul Ball, location: 2F 2-1: Foul Ball, location: 2F 2-2: Ground out 6-3 (Groundball, 6, EV 106.9 MPH)
|
| Top of the 2nd over - 0 runs, 1 hit, 0 errors, 2 left on base; El Paso 0 - Reno 0 |
| BOTTOM OF THE 2ND |
|
Reno Aces batting - Pitching for El Paso Chihuahuas : LHP Ryan Tatum
|
|
Batting: LHB Ian Jarvis
|
0-0: Called Strike 0-1: Ball 1-1: Swinging Strike 1-2: Ground out U3 (Groundball, 3L, EV 110.0 MPH)
|
|
Batting: RHB Chris Stillions
|
0-0: Ball 1-0: Called Strike 1-1: Ball 2-1: SOLO HOME RUN (Flyball, 7LD, EV 101.2 MPH), Distance : 375 ft
|
|
Batting: LHB Kevin Ferguson
|
0-0: Ball 1-0: Called Strike 1-1: Called Strike 1-2: Strikes out swinging
|
|
Batting: RHB Marlon Reda
|
0-0: SINGLE (Flyball, 78S, EV 91.2 MPH)
|
|
Batting: RHB Jose Sisneros
|
0-0: Swinging Strike 0-1: Ball 1-1: Called Strike 1-2: Ball 2-2: Foul Ball, location: 2F 2-2: Ball 3-2: Ground out 6-3 (Groundball, 6, EV 85.0 MPH)
|
| Bottom of the 2nd over - 1 run, 2 hits, 0 errors, 1 left on base; El Paso 0 - Reno 1 |
| TOP OF THE 3RD |
|
El Paso Chihuahuas batting - Pitching for Reno Aces : RHP Cody Savastand
|
|
Batting: RHB Brian DeVoe
|
0-0: Called Strike 0-1: Swinging Strike 0-2: Ball 1-2: Strikes out swinging
|
|
Batting: LHB Angel Mejia
|
0-0: Ball 1-0: Foul Ball, location: 2F 1-1: Fly out, F7 (Flyball, 7S, EV 84.4 MPH)
|
|
Batting: RHB Rodolfo Rivera
|
0-0: Foul Ball, location: 2F 0-1: SINGLE (Groundball, 25, EV 68.8 MPH) (infield hit)
|
|
Batting: RHB Eric Sandell
|
0-0: Called Strike 0-1: Fielders Choice at 2nd, 6-4 (Groundball, 6, EV 85.0 MPH)
|
| Top of the 3rd over - 0 runs, 1 hit, 0 errors, 1 left on base; El Paso 0 - Reno 1 |
| BOTTOM OF THE 3RD |
|
Reno Aces batting - Pitching for El Paso Chihuahuas : LHP Ryan Tatum
|
|
Batting: LHB Kyle Beaulieu
|
0-0: Foul Ball, location: 2F 0-1: Ball 1-1: Ground out 6-3 (Groundball, 4M, EV 80.6 MPH)
|
|
Batting: RHB Roberto Rodriguez
|
0-0: Ball 1-0: Ground out 6-3 (Groundball, 56, EV 104.4 MPH)
|
|
Batting: LHB Jeff Densmore
|
0-0: Swinging Strike 0-1: Fly out, F7 (Flyball, 7D, EV 88.8 MPH)
|
| Bottom of the 3rd over - 0 runs, 0 hits, 0 errors, 0 left on base; El Paso 0 - Reno 1 |
| TOP OF THE 4TH |
|
El Paso Chihuahuas batting - Pitching for Reno Aces : RHP Cody Savastand
|
|
Batting: RHB Roberto Lemus
|
0-0: Called Strike 0-1: Ball 1-1: Ball 2-1: Foul Ball, location: 2F 2-2: Ball 3-2: Strikes out swinging
|
|
Batting: RHB Andy Sheridan
|
0-0: Ball 1-0: Ball 2-0: Ball 3-0: Called Strike 3-1: Foul Ball, location: 2F 3-2: Foul Ball, location: 2F 3-2: Ground out 4-3 (Groundball, 4, EV 103.8 MPH)
|
|
Batting: SHB Blake Abbott
|
0-0: Swinging Strike 0-1: Called Strike 0-2: Strikes out swinging
|
| Top of the 4th over - 0 runs, 0 hits, 0 errors, 0 left on base; El Paso 0 - Reno 1 |
| BOTTOM OF THE 4TH |
|
Reno Aces batting - Pitching for El Paso Chihuahuas : LHP Ryan Tatum
|
|
Batting: RHB Justin McQuarter
|
0-0: Ball 1-0: Ball 2-0: Fly out, F7 (Flyball, 7D, EV 102.5 MPH)
|
|
Batting: LHB Ian Jarvis
|
0-0: Ball 1-0: Called Strike 1-1: Called Strike 1-2: Strikes out swinging
|
|
Batting: RHB Chris Stillions
|
0-0: Ball 1-0: Foul Ball, location: 2F 1-1: Ball 2-1: Ground out 6-3 (Groundball, P, EV 91.9 MPH)
|
| Bottom of the 4th over - 0 runs, 0 hits, 0 errors, 0 left on base; El Paso 0 - Reno 1 |
| TOP OF THE 5TH |
|
El Paso Chihuahuas batting - Pitching for Reno Aces : RHP Cody Savastand
|
|
Batting: RHB Matt Fabre
|
0-0: Ball 1-0: SINGLE (Groundball, 4M, EV 103.8 MPH) (infield hit)
|
|
Batting: RHB Lamberto Amicis
|
0-0: Called Strike 0-1: Swinging Strike 0-2: Foul Ball, location: 2F 0-2: Foul Ball, location: 2F 0-2: Ball 1-2: Strikes out swinging
|
|
Batting: RHB Brian DeVoe
|
0-0: Ball 1-0: Grounds into double play, 6-4-3 (Groundball, 56, EV 85.6 MPH)
|
| Top of the 5th over - 0 runs, 1 hit, 0 errors, 0 left on base; El Paso 0 - Reno 1 |
| BOTTOM OF THE 5TH |
|
Reno Aces batting - Pitching for El Paso Chihuahuas : LHP Ryan Tatum
|
|
Batting: LHB Kevin Ferguson
|
0-0: Foul Ball, location: 2F 0-1: Called Strike 0-2: Ball 1-2: Ball 2-2: Ball 3-2: Foul Ball, location: 2F 3-2: SINGLE (Flyball, 4MD, EV 88.8 MPH)
|
|
Batting: RHB Marlon Reda
|
0-0: Ball 1-0: Ball 2-0: Called Strike 2-1: Ball 3-1: Swinging Strike 3-2: Fly out, F9 (Flyball, 9, EV 80.6 MPH)
|
|
Batting: RHB Jose Sisneros
|
0-0: Called Strike Kevin Ferguson is caught stealing 2nd base 2-4 0-1: Ball 1-1: Fly out, F8 (Flyball, 89M, EV 89.4 MPH)
|
| Bottom of the 5th over - 0 runs, 1 hit, 0 errors, 0 left on base; El Paso 0 - Reno 1 |
| TOP OF THE 6TH |
|
El Paso Chihuahuas batting - Pitching for Reno Aces : RHP Cody Savastand
|
|
Batting: LHB Angel Mejia
|
0-0: Foul Ball, location: 2F 0-1: Ball 1-1: Foul Ball, location: 2F 1-2: Ground out 4-3 (Groundball, 4, EV 85.0 MPH)
|
|
Batting: RHB Rodolfo Rivera
|
0-0: Ball 1-0: Ball 2-0: Ground out 6-3 (Groundball, 6S, EV 71.2 MPH)
|
|
Batting: RHB Eric Sandell
|
0-0: Ball 1-0: Ball 2-0: Foul Ball, location: 2F 2-1: Ball 3-1: Base on Balls
|
|
Batting: RHB Roberto Lemus
|
0-0: Ball 1-0: Ball 2-0: Foul Ball, location: 2F 2-1: Fielders Choice at 2nd, 6-4 (Groundball, 6, EV 88.8 MPH)
|
| Top of the 6th over - 0 runs, 0 hits, 0 errors, 1 left on base; El Paso 0 - Reno 1 |
| BOTTOM OF THE 6TH |
|
Reno Aces batting - Pitching for El Paso Chihuahuas : LHP Ryan Tatum
|
|
Batting: LHB Kyle Beaulieu
|
0-0: Swinging Strike 0-1: Ball 1-1: Fly out, F8 (Flyball, 89M, EV 84.4 MPH)
|
|
Batting: RHB Roberto Rodriguez
|
0-0: Ball 1-0: Called Strike 1-1: Ball 2-1: Ball 3-1: Base on Balls
|
|
Batting: LHB Jeff Densmore
|
0-0: Called Strike 0-1: Ball Roberto Rodriguez steals 2nd base (no throw) 1-1: Ball Wild Pitch! Roberto Rodriguez to third 2-1: Ball 3-1: Base on Balls
|
|
Batting: RHB Justin McQuarter
|
0-0: Ball 1-0: Called Strike 1-1: Ball 2-1: Foul Ball, location: 2F 2-2: Ball 3-2: Foul Ball, location: 2F 3-2: Base on Balls Jeff Densmore to second
|
|
Batting: LHB Ian Jarvis
|
0-0: Called Strike 0-1: Ball 1-1: Foul Ball, location: 2F 1-2: Strikes out swinging
|
|
Batting: RHB Chris Stillions
|
0-0: Ball 1-0: Ball 2-0: Called Strike 2-1: Foul Ball, location: 2F 2-2: Foul Ball, location: 2F 2-2: Ball 3-2: Ground out 6-3 (Groundball, 6, EV 85.6 MPH)
|
| Bottom of the 6th over - 0 runs, 0 hits, 0 errors, 3 left on base; El Paso 0 - Reno 1 |
| TOP OF THE 7TH |
|
El Paso Chihuahuas batting - Pitching for Reno Aces : RHP Cody Savastand
|
|
Now in LF: Roberto Rodriguez
|
|
|
Now in RF: Dan Boylan
|
|
|
Batting: RHB Andy Sheridan
|
0-0: Ball 1-0: Ball 2-0: Fly out, F2 (Popup, 23F, EV 87.5 MPH)
|
|
Batting: SHB Blake Abbott
|
0-0: Ball 1-0: Ball 2-0: Ground out 1-3 (Groundball, 34S, EV 65.6 MPH)
|
|
Batting: RHB Matt Fabre
|
0-0: Foul Ball, location: 2F 0-1: Swinging Strike 0-2: Ball 1-2: Fly out, F7 (Flyball, 7LS, EV 90.6 MPH)
|
| Top of the 7th over - 0 runs, 0 hits, 0 errors, 0 left on base; El Paso 0 - Reno 1 |
| BOTTOM OF THE 7TH |
|
Reno Aces batting - Pitching for El Paso Chihuahuas : LHP Ryan Tatum
|
|
Now at SS: Kiril Emeshin
|
|
|
Batting: RHB Dan Boylan
|
0-0: Called Strike 0-1: Ball 1-1: Foul Ball, location: 2F 1-2: Ball 2-2: Ball 3-2: Base on Balls
|
|
Batting: RHB Marlon Reda
|
0-0: Bunted foul 0-1: Ball 1-1: Ball 2-1: Bunt missed! 2-2: Foul Ball, location: 2F 2-2: Ball 3-2: Foul Ball, location: 2F 3-2: Fly out, F9 (Line Drive, 9, EV 90.0 MPH)
|
|
Pitching: RHP Rick Cotner
|
|
|
Batting: RHB Jose Sisneros
|
Pickoff Throw to First - Out! 1-3 0-0: Ball 1-0: Ground out U3 (Groundball, 34, EV 86.2 MPH)
|
| Bottom of the 7th over - 0 runs, 0 hits, 0 errors, 0 left on base; El Paso 0 - Reno 1 |
| TOP OF THE 8TH |
|
El Paso Chihuahuas batting - Pitching for Reno Aces : RHP Cody Savastand
|
|
Pitching: RHP Mike Osgood
|
|
|
Batting: RHB Lamberto Amicis
|
0-0: Ball 1-0: SINGLE (Line Drive, 78S, EV 93.1 MPH)
|
|
Batting: RHB Kiril Emeshin
|
0-0: Sac Bunt to 3S - play at first, batter safe! Lamberto Amicis to second
|
|
Batting: LHB Angel Mejia
|
0-0: Sac Bunt to 15S - play at first, batter OUT! 1-4 Lamberto Amicis to third Kiril Emeshin to second
|
|
Batting: RHB Rodolfo Rivera
|
0-0: Ball 1-0: Ball 2-0: Called Strike 2-1: Ground out 4-3 (Groundball, 4, EV 88.8 MPH)
|
|
Batting: RHB Eric Sandell
|
0-0: Fly out, F9 (Flyball, 89S, EV 91.9 MPH)
|
| Top of the 8th over - 0 runs, 2 hits, 0 errors, 2 left on base; El Paso 0 - Reno 1 |
| BOTTOM OF THE 8TH |
|
Reno Aces batting - Pitching for El Paso Chihuahuas : RHP Rick Cotner
|
|
Batting: LHB Kyle Beaulieu
|
0-0: Ball 1-0: Ground out 5-3 (Groundball, 56, EV 91.2 MPH)
|
|
Batting: RHB Roberto Rodriguez
|
0-0: SINGLE (Groundball, 5D, EV 95.6 MPH)
|
|
Batting: LHB Jeff Densmore
|
0-0: Ball 1-0: Ball 2-0: Swinging Strike 2-1: Fly out, F4 (Popup, 34, EV 52.5 MPH)
|
|
Batting: RHB Justin McQuarter
|
0-0: Ball 1-0: Called Strike Roberto Rodriguez steals 2nd base 1-1: SINGLE (Groundball, 6, EV 96.9 MPH) Roberto Rodriguez to third Runner from 3rd tries for Home, SAFE, throw by LF to home Justin McQuarter to second
|
|
Batting: LHB Ian Jarvis
|
0-0: Ball 1-0: Ball 2-0: DOUBLE (Line Drive, 9LD, EV 107.5 MPH) Justin McQuarter scores
|
|
Batting: RHB Chris Stillions
|
0-0: Called Strike 0-1: Called Strike 0-2: Ground out U3 (Groundball, 34S, EV 83.8 MPH)
|
| Bottom of the 8th over - 2 runs, 3 hits, 0 errors, 1 left on base; El Paso 0 - Reno 3 |
| TOP OF THE 9TH |
|
El Paso Chihuahuas batting - Pitching for Reno Aces : RHP Mike Osgood
|
|
Batting: RHB Roberto Lemus
|
0-0: Ball 1-0: Called Strike 1-1: Swinging Strike 1-2: Ball 2-2: Strikes out swinging
|
|
Batting: RHB Andy Sheridan
|
0-0: Foul Ball, location: 2F 0-1: Foul Ball, location: 2F 0-2: Strikes out swinging
|
|
Batting: SHB Blake Abbott
|
0-0: Ground out 3-1 (Groundball, 34, EV 106.2 MPH)
|
| Top of the 9th over - 0 runs, 0 hits, 0 errors, 0 left on base; El Paso 0 - Reno 3 |
|